 Dungeon Crawl Stone Soup version 0.21-a0-94-gdd6ab6a (webtiles) character file.

9 4thArraOfDagon the Vexing (level 2, -3/29 HPs)
             Began as an Ogre Enchanter on July 3, 2017.
             Slain by an orc
             ... wielding a +2 flail of draining
              (5 damage)
             ... on level 2 of the Dungeon.
             The game lasted 00:02:05 (184 turns).

4thArraOfDagon the Vexing (Ogre Enchanter)           Turns: 184, Time: 00:02:06

Health: -3/29      AC:  3    Str:  9 (11) XL:     2   Next: 12%
Magic:  2/5        EV:  9    Int: 14 (16) God:
Gold:   9          SH:  0    Dex:  7 (9)  Spells: 2/5 levels left

rFire    . . .     SeeInvis .   a - +1 dagger
rCold    . . .     Gourm    .   (no shield)
rNeg     . . .     Faith    .   b - +0 robe
rPois    .         Spirit   .   (helmet restricted)
rElec    .         Reflect  .   (no cloak)
rCorr    .         Harm     .   (gloves unavailable)
MR       .....                  (boots unavailable)
Stlth    +.........             (no amulet)
HPRegen  0.09/turn              (no ring)
MPRegen  0.09/turn              (no ring)

@: heavily drained
A: unfitting armour, tough skin 1
a: no special abilities


You were on level 2 of the Dungeon.
You were not hungry.

You visited 1 branch of the dungeon, and saw 3 of its levels.

You collected 9 gold pieces.

Inventory:

Hand Weapons
 a - a +1 dagger (weapon)
Armour
 b - a +0 robe (worn)
Scrolls
 e - a scroll of amnesia {unknown}
 h - a scroll of immolation {unknown}
 i - a scroll of fear {unknown}
Books
 c - a book of Maledictions

   Spells                             Type                      Level
   a - Corona                         Hexes                        1
   b - Ensorcelled Hibernation        Hexes/Ice                    2
   c - Confuse                        Hexes                        3
   d - Tukima's Dance                 Hexes                        3
   e - Dazzling Spray                 Conjuration/Hexes            3
Comestibles
 d - a bread ration
 g - a meat ration


   Skills:
 + Level 2.3(1.2) Fighting
 - Level 0.6(0.0) Short Blades
 - Level 1.7(0.7) Dodging
 - Level 2.1(1.1) Stealth
 - Level 2.4(1.3) Spellcasting
 - Level 2.6(1.5) Hexes


You had 2 spell levels left.
You knew the following spells:

 Your Spells              Type           Power        Failure   Level  Hunger
a - Corona                Hex            #......      13%         1    ##.....
b - Ensorcelled Hibernat  Hex/Ice        #.....       28%         2    ###....


Dungeon Overview and Level Annotations

Branches:
Dungeon (3/15)

Altars:


Innate Abilities, Weirdness & Mutations

You are too large for most types of armour.
You have tough skin. (AC +1)


Message History

Unknown command.
Casting: Ensorcelled Hibernation
Confirm with . or Enter, or press ? or * to list all spells.
Aiming: Ensorcelled Hibernation
Press: ? - help, Shift-Dir - straight line, f/p - orc
Aim: an orc, wielding a flail of draining (chance to defeat MR: 53%)
The orc resists with significant effort.
The orc hits you with a flail of draining.
* * * LOW HITPOINT WARNING * * *
You feel drained.
* * * LOW HITPOINT WARNING * * *
Unknown command.
Unknown command.
Unknown command.
Okay, then.
It was a potion of degeneration.
There was something very wrong with that liquid.
You feel weakened.
You feel dopey.
You feel clumsy.
The orc hits you with a flail of draining.
You die...

..... #..# #..#
######.[####
#..........#
#.####..##.# #..##.#
#..##.##########
#.>##..o@.......
........#############
....###.# ... #.# #.
#.# # ... ... ...


You could see an orc.

Vanquished Creatures
  An ooze (D:2)
  A goblin (D:1)
  2 hobgoblins
4 creatures vanquished.

Notes
Turn   | Place    | Note
-------+----------+-------------------------------------------
     0 | D:1      | 4thArraOfDagon the Ogre Enchanter began the quest for the Orb.
     0 | D:1      | Reached XP level 1. HP: 16/16 MP: 3/3
    89 | D:2      | Reached skill level 1 in Fighting
   110 | D:3      | murphy: oh i thought u wanted to see me dying in vaults:5
   113 | D:3      | 4thArraOfDagon: w8
   124 | D:2      | murphy: btw thaneod said u are his tutor for crawl games
   129 | D:2      | Reached XP level 2. HP: 22/29 MP: 1/5
   139 | D:2      | Learned a level 2 spell: Ensorcelled Hibernation
   167 | D:2      | 4thArraOfDagon: haha
   167 | D:2      | 4thArraOfDagon: :)
   167 | D:2      | 4thArraOfDagon: yea
   167 | D:2      | 4thArraOfDagon: Im teaching him
   167 | D:2      | murphy: but he only plays zot defense
   171 | D:2      | murphy: whole weekend
   175 | D:2      | HP: 1/29 [orc/flail of draining (1)]
   184 | D:2      | Slain by an orc

Vault maps used:
D:1:      evilmike_arrival_come_back
D:2:      nicolae_overflow_hidden_temple
D:3:      doesnt_xom_only_xom, lemuel_round_altar, first_bread

Skill      XL: |  1 |
---------------+----+-----
Fighting       | 2 |  2.3
Short Blades   | |  0.6
Dodging        | |  1.7
Stealth        | |  2.1
Spellcasting   | |  2.4
Hexes          | |  2.6

Action                   || total
-------------------------++-------
Melee: Dagger            ||    13
 Cast: Corona            ||     2
       Ensorcelled Hiber ||     2
  Use: Potion            ||     1
 Stab: Sleeping          ||     1
Armor: Robe              ||     3
Dodge: Dodged            ||     7
